 Dungeon Crawl Stone Soup version 0.24-a0-397-g73b976d855 (webtiles) character file.

Game seed: 13832345496227967833

5373 Laiders72 the Basher (level 10, 0/73 HPs)
             Began as a Formicid Fighter on June 4, 2019.
             Was a Believer of Ru.
             Succumbed to a killer bee's poison
             ... on level 8 of the Dungeon.
             The game lasted 00:19:09 (7147 turns).

Laiders72 the Basher (Formicid Fighter)             Turns: 7147, Time: 00:19:10

Health: 0/73       AC: 20    Str: 22    XL:     10   Next: 97%
Magic:  10/10      EV:  6    Int: 12    God:    Ru [**....]
Gold:   414        SH: 12    Dex: 13    Spells: 9/9 levels left

rFire    . . .     SeeInvis +   s - +7 flail (protect)
rCold    . . .     Gourm    .   c - +0 shield
rNeg     . . .     Faith    .   l - +0 plate armour
rPois    +         Spirit   .   (helmet unavailable)
rElec    .         Reflect  .   k - +0 cloak
rCorr    .         Harm     .   (no gloves)
MR       +....                  g - +0 pair of boots
Stlth    ..........             (no amulet)
HPRegen  0.22/turn              z - ring of poison resistance
MPRegen  0.12/turn              (no ring)

@: brilliant, lethally poisoned (0 -> -2), protection aura, flying (expiring)
A: permanent stasis, dig shafts and tunnels, four strong arms, antennae 3, frail
1
a: Dig, Shaft Self, Sacrifice Resistance, Sacrifice Purity, Sacrifice
Experience, Reject Sacrifices, Renounce Religion


You were on level 8 of the Dungeon.
You worshipped Ru.
Ru was pleased with you.
You were not hungry.

You visited 2 branches of the dungeon, and saw 9 of its levels.

You collected 414 gold pieces.

Inventory:

Hand Weapons
 s - a +7 flail of protection (weapon)
Missiles
 i - 6 javelins
 o - 7 atropa-tipped darts (quivered)
 q - 4 boomerangs
Armour
 c - a +0 shield (worn)
 g - a +0 pair of boots (worn)
 k - a +0 cloak (worn)
 l - a +0 plate armour (worn)
Jewellery
 z - a ring of poison resistance (left hand)
Wands
 u - a wand of enslavement (9)
 y - a wand of iceblast (9)
Scrolls
 e - a scroll of noise {unknown}
 h - a scroll of fog {unknown}
 j - a scroll of enchant weapon {unknown}
 m - 2 scrolls of remove curse {unknown}
 r - a scroll of teleportation {unknown}
 t - 2 scrolls of fear {unknown}
 v - 2 scrolls of enchant armour {unknown}
Potions
 a - a potion of agility
 d - 2 potions of might
 w - 3 potions of mutation
Comestibles
 f - 12 rations


   Skills:
 + Level 8.6 Fighting
 * Level 10.4 Maces & Flails
 - Level 6.0 Throwing
 - Level 3.2 Armour
 - Level 9.0 Shields


You had 9 spell levels left.
You didn't know any spells.
Your spell library was empty.

Dungeon Overview and Level Annotations

Branches:
Dungeon (8/15)             Temple (1/1) D:4
   Lair: D:8-11

Altars:
Dithmenos
Fedhas
Gozag
Kikubaaqudgha
Makhleb
Qazlal
Ru
Trog
Uskayaw
Vehumet
Wu Jian
Xom
Yredelemnul
Zin
The Shining One

Shops:
D:4 %   D:6 *


Innate Abilities, Weirdness & Mutations

You cannot be hasted, slowed, berserked, paralysed or teleported.
You can dig through walls and to a lower floor.
Your four strong arms can wield two-handed weapons with a shield.
You have a pair of large antennae on your head. (SInv)
You are frail. (-10% HP)


Message History

The killer bee is heavily wounded.
* * * LOW HITPOINT WARNING * * *
You feel sick. You block the killer bee's attack.
The killer bee is stunned by your will and fails to attack.
You miss the killer bee.
The killer bee is heavily wounded.
The killer bee stings you but does no damage.
You hit the killer bee but do no damage.
The killer bee is heavily wounded.
* * * LOW HITPOINT WARNING * * *
You feel sick. You block the killer bee's attack.
The killer bee stings you but does no damage.
You sock the killer bee!
You kill the killer bee!
Okay, then.
Okay, then.
You are starting to lose your buoyancy.
* * * LOW HITPOINT WARNING * * *
You feel sick.
You die...

....####..#
%#
#...##...#.#
#.........###
#...>.......
##..†<.......
#..####......
#?## #....
#†# ### #@#
#.# #.# .## #
{


There were no monsters in sight!

Vanquished Creatures
  2 dancing weapons (D:7)
  A two-headed ogre (D:5)
  A queen bee (D:7)
  A steam dragon (D:7)
  Menkaure (D:5)
  Edmund (D:5)
  Duvessa (D:7)
  A sky beast (D:7)
  3 ice beasts
  2 phantoms
  An ogre (D:5)
  A crocodile (D:5)
  A centaur (D:7)
  Blork the orc (D:4)
  4 bullfrogs
  Dowan (D:7)
  A scorpion (D:4)
  A water moccasin skeleton (D:5)
  14 killer bees
  3 howler monkeys
  A centaur skeleton (D:6)
  An orc priest (D:5)
  Crazy Yiuf (D:3)
  3 bullfrog skeletons
  A gnoll shaman (D:5)
  6 hounds
  An orc wizard (D:7)
  2 iguanas
  7 worker ants
  2 hound skeletons
  5 gnolls (D:5)
  A howler monkey skeleton (D:6)
  7 adders
  An ooze (D:6)
  An adder zombie (D:5)
  An adder skeleton (D:4)
  A worm (D:2)
  3 dart slugs (D:1)
  6 leopard geckos
  13 orcs
  3 giant cockroaches
  5 goblins
  5 hobgoblins
  8 jackals
  4 quokkas
  2 ball pythons
  7 bats
  3 frilled lizards
  A giant cockroach zombie (D:5)
  3 kobolds (D:1)
  A leopard gecko zombie (D:5)
  A quokka skeleton (D:5)
  2 quokka zombies (D:5)
  9 rats
160 creatures vanquished.

Notes
Turn   | Place    | Note
-------+----------+-------------------------------------------
     0 | D:1      | Laiders72 the Formicid Fighter began the quest for the Orb.
     0 | D:1      | Reached XP level 1. HP: 18/18 MP: 1/1
    69 | D:1      | Reached XP level 2. HP: 7/24 MP: 2/2
   760 | D:1      | Reached XP level 3. HP: 29/29 MP: 3/3
  1103 | D:2      | Reached skill level 3 in Maces & Flails
  1143 | D:2      | Found an opulent altar of Gozag.
  1205 | D:2      | Reached XP level 4. HP: 37/37 MP: 4/4
  1768 | D:3      | Found a shimmering altar of Xom.
  2101 | D:3      | Found a runed translucent door.
  2102 | D:3      | Noticed Crazy Yiuf
  2119 | D:3      | Killed Crazy Yiuf
  2119 | D:3      | Reached XP level 5. HP: 10/42 MP: 5/5
  2409 | D:4      | Reached skill level 4 in Maces & Flails
  2440 | D:4      | Reached skill level 5 in Shields
  2440 | D:4      | Reached XP level 6. HP: 27/49 MP: 6/6
  2663 | D:4      | Found a glowing golden altar of the Shining One.
  2680 | D:4      | Noticed Blork the orc
  2694 | D:4      | Killed Blork the orc
  2798 | D:4      | Found a staircase to the Ecumenical Temple.
  2888 | Temple   | Entered the Ecumenical Temple
  2901 | Temple   | Became a worshipper of Ru the Awakened
  2927 | D:4      | Reached skill level 1 in Throwing
  2927 | D:4      | Reached XP level 7. HP: 55/55 MP: 7/7
  2977 | D:4      | Reached skill level 5 in Maces & Flails
  3047 | D:4      | Found Namifinu's Food Emporium.
  3119 | D:4      | Found a burning altar of Makhleb.
  3175 | D:5      | Entered Level 5 of the Dungeon
  3191 | D:5      | Reached skill level 5 in Fighting
  3317 | D:5      | Reached XP level 8. HP: 54/63 MP: 8/8
  3371 | D:5      | Reached skill level 6 in Maces & Flails
  3613 | D:5      | Noticed Edmund
  3644 | D:5      | Noticed Menkaure
  3687 | D:5      | Killed Edmund
  3688 | D:5      | Killed Menkaure
  3883 | D:5      | Noticed a two-headed ogre
  3900 | D:5      | Killed a two-headed ogre
  3900 | D:5      | Reached skill level 7 in Maces & Flails
  3900 | D:5      | Reached XP level 9. HP: 28/71 MP: 9/9
  4225 | D:5      | Got a twisted plate armour
  4636 | D:6      | Gained mutation: You are frail. (-10% HP) [Ru sacrifice]
  4636 | D:6      | Reached * piety under Ru
  4636 | D:6      | Reached ** piety under Ru
  4701 | D:6      | Reached skill level 8 in Maces & Flails
  4937 | D:6      | Found Anaojis's General Store.
  4944 | D:6      | Identified the +7 plate armour of Unreason {Slay-5 SInv
                  | Stlth+} (You found it on level 5 of the Dungeon)
  5485 | D:7      | Noticed Duvessa
  5499 | D:7      | Killed Duvessa
  5501 | D:7      | Noticed Dowan
  5609 | D:7      | Killed Dowan
  5775 | D:7      | Found an ancient bone altar of Kikubaaqudgha.
  5786 | D:7      | Found an ornate altar of the Wu Jian Council.
  5825 | D:7      | Reached XP level 10. HP: 66/71 MP: 10/10
  5830 | D:7      | Reached skill level 5 in Throwing
  5841 | D:7      | Found a stormy altar of Qazlal.
  6258 | D:7      | Reached skill level 9 in Maces & Flails
  6274 | D:7      | Noticed a +0 hand axe
  6274 | D:7      | Noticed a +0 dagger
  6280 | D:7      | Found a hide-covered altar of Uskayaw.
  6305 | D:7      | Killed a +0 dagger
  6317 | D:7      | Killed a +0 hand axe
  6522 | D:7      | Found a glowing silver altar of Zin.
  6645 | D:7      | Reached skill level 10 in Maces & Flails
  6651 | D:7      | HP: 2/72 [killer bee (8)]
  7139 | D:8      | HP: 3/73 [poisoned by a killer bee]
  7145 | D:8      | HP: 1/73 [poisoned by a killer bee]
  7147 | D:8      | Succumbed to a killer bee's poison

Levels and vault maps discovered:
D:1:      sevenhm_arrival_forest_fort_small_4, layout_rooms,
          columned_hall_lemuel, minmay_misc_feat_alley, minmay_quantized
D:2:      layout_basic, lemuel_doored_altar, first_ration, chequers_jeans
D:3:      layout_rooms, nicolae_overflow_hidden_temple, uniq_crazy_yiuf_cottage
D:4:      layout_rooms, lemuel_crystal_altar, tso_metal_star,
          minmay_temple_entry_nine_rooms, serial_shops, kennysheep_little_box,
          uniq_blork_the_orc
D:5:      minmay_octagon_keep, layout_basic, uniq_edmund, uniq_menkaure
D:6:      layout_basic, serial_shops, nicolae_shop_stone
D:7:      layout_basic, dancing_weapons_uskayaw, kennysheep_mini_moat,
          lemuel_coloured_pillars_altar, minitemple, uniq_duvessa
D:8:      layout_layer_cave, david_nohive_1, serial_park_tiny_1
Temple:   dshaligram_water_room_temple

Skill      XL: |  1  2  3  4  5  6  7  8  9 10 |
---------------+-------------------------------+-----
Shields        | 4 5 7 8 9 |  9.0
Maces & Flails | 3 4 5 7 8 10 | 10.4
Fighting       | 4 5 6 7 8 |  8.6
Throwing       | 1 2 4 6 |  6.0
Armour         | |  3.2

Action                   |  1- 3 |  4- 6 |  7- 9 | 10-12 || total
-------------------------+-------+-------+-------+-------++-------
Melee: Flail             |    95 |       |    36 |   118 ||   249
       Whip              |    31 |   128 |   220 |       ||   379
       Unarmed           |       |       |    12 |       ||    12
Throw: Dart              |       |     2 |     3 |       ||     5
       Javelin           |       |     1 |       |       ||     1
Invok: Sacrifice Health  |       |       |     1 |       ||     1
 Abil: Dig               |       |       |       |     2 ||     2
  Use: Scroll            |       |       |     5 |       ||     5
       Potion            |       |       |     2 |     4 ||     6
 Stab: Invisible         |       |     1 |       |     1 ||     2
       Distracted        |       |       |       |     1 ||     1
  Eat: Chunk             |     1 |     6 |     9 |     2 ||    18
       Ration            |       |       |       |     1 ||     1
Armor: Scale mail        |    62 |       |       |       ||    62
       Plate armour      |    22 |    72 |    87 |   127 ||   308
       Skin              |       |       |     2 |       ||     2
Dodge: Dodged            |    46 |    26 |    47 |    50 ||   169
Block: Shield            |    77 |    59 |   111 |   133 ||   380

Table legend:
 A = Non-vault XP
 B = Vault XP
 C = Vault XP percentage of total XP
 D = Non-vault monster count
 E = Vault monster count
 F = Vault count percentage of total count
                 A         B        C        D         E       F
            +---------+---------+-------+---------+---------+-------
      Total |    3007 |    4669 |  60.8 |     121 |      39 |  24.4
            +---------+---------+-------+---------+---------+-------
        D:1 |      35 |      14 |  28.6 |      20 |       7 |  25.9
        D:2 |      49 |       0 |   0.0 |      13 |       0 |   0.0
        D:3 |      22 |      40 |  64.5 |      11 |       1 |   8.3
        D:4 |     370 |      91 |  19.7 |      14 |       1 |   6.7
        D:5 |     806 |    1311 |  61.9 |      27 |      11 |  28.9
        D:6 |     704 |       0 |   0.0 |      18 |       0 |   0.0
        D:7 |    1021 |    2776 |  73.1 |      18 |      12 |  40.0
        D:8 |       0 |     437 | 100.0 |       0 |       7 | 100.0
            +---------+---------+-------+---------+---------+-------
